 Dungeon Crawl Stone Soup version 0.21.0 (webtiles) character file.

4255 Megalobster the Covert (level 10, -11/44 HPs)
             Began as a Spriggan Enchanter on Jan 7, 2018.
             Was a Believer of Yredelemnul.
             Mangled by an orc warrior
             ... wielding a +0 flail
              (20 damage)
             ... on level 7 of the Dungeon.
             The game lasted 00:39:36 (13474 turns).

Megalobster the Covert (Spriggan Enchanter)        Turns: 13474, Time: 00:39:37

Health: -11/44     AC:  3    Str:  4    XL:     10   Next: 10%
Magic:  3/21       EV: 23    Int: 20    God:    Yredelemnul [**....]
Gold:   359        SH:  0    Dex: 17    Spells: 9/23 levels left

rFire    + . .     SeeInvis +   a - +1 dagger
rCold    . . .     Gourm    .   (shield restricted)
rNeg     . . .     Faith    .   C - +1 robe {rF+}
rPois    .         Spirit   .   (helmet restricted)
rElec    .         Reflect  .   (no cloak)
rCorr    .         Harm     .   (gloves unavailable)
MR       +....                  (boots unavailable)
Stlth    +++++.....             (no amulet)
HPRegen  0.14/turn              (no ring)
MPRegen  0.17/turn              (no ring)

@: lethally poisoned (-11 -> -17), very quick
A: very small, unfitting armour, see invisible, herbivore, speed 3, slow
metabolism 2
a: Animate Remains, Recall Undead Slaves, Injury Mirror, Renounce Religion


You were on level 7 of the Dungeon.
You worshipped Yredelemnul.
Yredelemnul was pleased with you.
You were very hungry.

You visited 2 branches of the dungeon, and saw 9 of its levels.
You also visited: Ossuary.

You collected 359 gold pieces.

Inventory:

Hand Weapons
 a - a +1 dagger (weapon)
 w - a -3 dagger
Missiles
 l - 268 stones (quivered)
Armour
 b - a +0 robe
 C - a +1 robe of fire resistance (worn)
Magical Staves
 r - an uncursed staff of fire {unknown}
Wands
 v - a wand of acid (12)
Scrolls
 e - 2 scrolls of fear
 h - a scroll of remove curse
 k - 4 scrolls of amnesia
 o - a scroll of teleportation
 q - a scroll of enchant armour
 y - 2 scrolls of fog {unknown}
 B - a scroll of immolation {unknown}
Potions
 f - 2 potions of degeneration
 g - 4 potions of brilliance
 i - a potion of agility
 j - 2 potions of curing
 m - a potion of mutation
 n - a potion of ambrosia {unknown}
 p - 2 potions of heal wounds
 u - a potion of berserk rage {unknown}
 x - 2 potions of might
 z - a potion of lignification {unknown}
Books
 c - a book of Maledictions

   Spells                             Type                      Level
   a - Corona                         Hexes                        1
   b - Ensorcelled Hibernation        Hexes/Ice                    2
   c - Confuse                        Hexes                        3
   d - Tukima's Dance                 Hexes                        3
   e - Dazzling Spray                 Conjuration/Hexes            3
 s - a book of Callings

   Spells                             Type                      Level
   a - Summon Small Mammal            Summoning                    1
   b - Call Imp                       Summoning                    2
   c - Call Canine Familiar           Summoning                    3
   d - Summon Guardian Golem          Hexes/Summoning              3
   e - Summon Lightning Spire         Summoning/Air                4
   f - Summon Ice Beast               Ice/Summoning                4
 t - a book of Flames

   Spells                             Type                      Level
   a - Flame Tongue                   Conjuration/Fire             1
   b - Throw Flame                    Conjuration/Fire             2
   c - Conjure Flame                  Conjuration/Fire             3
   d - Inner Flame                    Hexes/Fire                   3
   e - Sticky Flame                   Conjuration/Fire             4
   f - Fireball                       Conjuration/Fire             5
 A - a book of Maledictions

   Spells                             Type                      Level
   a - Corona                         Hexes                        1
   b - Ensorcelled Hibernation        Hexes/Ice                    2
   c - Confuse                        Hexes                        3
   d - Tukima's Dance                 Hexes                        3
   e - Dazzling Spray                 Conjuration/Hexes            3
Comestibles
 d - 4 rations


   Skills:
 + Level 5.0 Short Blades
 + Level 7.8 Dodging
 * Level 11.9 Stealth
 * Level 7.0 Spellcasting
 + Level 9.1 Hexes
 * Level 6.0 Invocations


You had 9 spell levels left.
You knew the following spells:

 Your Spells              Type           Power        Failure   Level  Hunger
a - Corona                Hex            #####..      1%          1    None
b - Ensorcelled Hibernat  Hex/Ice        ####..       2%          2    None
c - Confuse               Hex            #####...     1%          3    #......
d - Tukima's Dance        Hex            #####...     1%          3    #......
e - Dazzling Spray        Conj/Hex       ####..       4%          3    #......
f - Call Imp              Summ           #.......     14%         2    None


Dungeon Overview and Level Annotations

Branches:
Dungeon (8/15)             Temple (1/1) D:4
   Lair: D:8-11

Altars:
Ashenzari
Cheibriados
Elyvilon
Fedhas
Gozag
Hepliaklqana
Kikubaaqudgha
Nemelex Xobeh
Okawaru
Qazlal
Ru
Sif Muna
Trog
Uskayaw
Vehumet
Wu Jian
Xom
Yredelemnul
Zin
The Shining One

Shops:
D:5 }


Innate Abilities, Weirdness & Mutations

You are very small and have problems with some larger weapons.
You are too small for most types of armour.
You have supernaturally acute eyesight. (SInv)
You are a herbivore.
You cover ground extremely quickly.
You need consume almost no food.


Message History

There is a stone staircase leading up here.
The killer bee stings you.
* * * LOW HITPOINT WARNING * * *
You are poisoned.
The killer bee poisons you! The killer bee misses you.
You climb upwards.
A killer bee comes into view.
You feel sick.
The killer bee moves out of view.
There is a stone staircase leading down here.
Casting: Dazzling Spray
Confirm with . or Enter, or press ? or * to list all spells.
Aiming: Confuse
Press: ? - help, Shift-Dir - straight line, f - killer bee
Aim: a killer bee (chance to defeat MR: 76%)
The killer bee barely resists.
The orc shouts! x2; You hear an angry buzzing noise. x3; You hear a shout!
The killer bee misses you. The killer bee closely misses you.
The orc warrior hits you with a flail!!
You die...
Your body rises from the dead as a mindless zombie.

#######..####.... ## #..
### #...........# #
#....#######..####..4..# #
#....'.._..'..## ...# #
#....###.###....... #
###....# #.# #..##...
......###o###..# #..
#....)....o..#####..
#####..#..####@.........
#.............yo.........
#####..#.#####..........#
#..#.#####.#...P.....
#..#........8.......P
#..#######......o.... #..#
#.........8P #.##
#.......P.... ....
#.########..8......P..8.>..


You could see an orc warrior, a killer bee and 3 orcs.

Vanquished Creatures
  Pikel (D:6)
  3 centaur zombies (D:7)
  A troll (D:8)
  Prince Ribbit (D:7)
  A hungry ghost (D:7)
  2 slaves (D:6)
  An orc warrior (D:8)
  2 phantoms
  2 ice beasts
  A sky beast (D:7)
  A necrophage (D:6)
  3 ogres
  2 centaurs
  A bullfrog (D:6)
  A wyvern zombie (D:6)
  A water moccasin zombie (D:7)
  2 scorpions (D:8)
  A killer bee (D:8)
  A quasit (D:8)
  A centaur skeleton (D:7)
  4 orc priests
  3 hounds
  3 orc wizards
  4 worker ants
  A killer bee zombie (D:7)
  The ghost of tidbits the Sneak, a weakling OpAE (D:3)
  3 gnolls (D:4)
  11 adders
  3 shadow imps (D:7)
  An adder skeleton (D:5)
  4 worms
  A leopard gecko (D:4)
  12 orcs
  2 ball pythons
  7 bats
  6 giant cockroaches
  6 goblins
  4 hobgoblins
  14 jackals
  A quokka (D:6)
  3 frilled lizards (D:3)
  2 goblin zombies
  2 jackal zombies (D:5)
  12 kobolds
  A leopard gecko zombie (D:6)
  A quokka zombie (D:4)
  14 rats
  A rat zombie (D:6)
156 creatures vanquished.

Vanquished Creatures (collateral kills)
  An orc warrior (D:8)
  2 ogres
  A killer bee (D:8)
  An orc priest (D:8)
  A worker ant (D:8)
  7 gnolls
  11 orcs
  2 kobolds (D:6)
26 creatures vanquished.

Vanquished Creatures (others)
  7 dancing weapons
  2 slaves (D:7)
  A worker ant zombie (D:8)
  A scorpion zombie (D:8)
  A shadow imp (D:7)
  3 orc zombies
  4 plants (D:4)
  A withered plant (D:7)
20 creatures vanquished.

Grand Total: 202 creatures vanquished

Notes
Turn   | Place    | Note
-------+----------+-------------------------------------------
     0 | D:1      | Megalobster the Spriggan Enchanter began the quest for the Orb.
     0 | D:1      | Reached XP level 1. HP: 9/9 MP: 5/5
   585 | D:1      | Reached XP level 2. HP: 13/13 MP: 4/6
   589 | D:1      | Learned a level 2 spell: Ensorcelled Hibernation
  1309 | D:2      | Reached skill level 5 in Stealth
  1309 | D:2      | Reached XP level 3. HP: 16/16 MP: 5/8
  1314 | D:2      | Learned a level 3 spell: Confuse
  2213 | D:2      | Found an ancient bone altar of Kikubaaqudgha.
  2329 | D:2      | Found a glowing golden altar of the Shining One.
  2377 | D:2      | Found a bloodstained altar of Trog.
  2419 | D:3      | Reached XP level 4. HP: 21/21 MP: 6/9
  2554 | D:3      | Reached skill level 6 in Stealth
  2754 | D:3      | Reached XP level 5. HP: 24/24 MP: 4/11
  2764 | D:2      | Learned a level 3 spell: Tukima's Dance
  2814 | D:3      | Reached skill level 5 in Hexes
  3355 | D:3      | Found a sacrificial altar of Ru.
  3989 | D:3      | Noticed tidbits's ghost (weakling OpAE)
  4005 | D:3      | Killed tidbits's ghost
  4547 | D:3      | Reached skill level 7 in Stealth
  5278 | D:4      | Found a staircase to the Ecumenical Temple.
  5280 | D:4      | Noticed an ice beast
  5294 | D:4      | Killed an ice beast
  5294 | D:4      | Reached XP level 6. HP: 13/28 MP: 8/13
  5300 | Temple   | Entered the Ecumenical Temple
  5510 | Temple   | Became a worshipper of Yredelemnul the Dark
  5752 | D:4      | Reached skill level 1 in Invocations
  6070 | D:4      | Reached XP level 7. HP: 23/32 MP: 1/14
  6513 | D:4      | Learned a level 3 spell: Dazzling Spray
  6679 | D:5      | Entered Level 5 of the Dungeon
  6722 | D:5      | Reached skill level 5 in Dodging
  6808 | D:5      | Reached skill level 8 in Stealth
  7403 | D:5      | Learned a level 2 spell: Call Imp
  7433 | D:5      | Found an ornate altar of the Wu Jian Council.
  7467 | D:5      | Reached * piety under Yredelemnul
  7626 | D:5      | Found a blossoming altar of Fedhas.
  7692 | D:5      | Found Wiydghopn's Gadget Shoppe.
  7968 | D:6      | Found a sand-covered staircase.
  8044 | Ossuary  | Entered an ossuary
  8044 | Ossuary  | Noticed a wraith
  8044 | Ossuary  | Noticed a wraith
  8044 | Ossuary  | Noticed a wraith
  8171 | D:6      | Reached XP level 8. HP: 34/36 MP: 12/16
  8362 | D:6      | Reached skill level 9 in Stealth
  8627 | D:5      | Reached skill level 5 in Spellcasting
  9387 | D:6      | Found a hazy altar of Hepliaklqana.
  9822 | D:7      | Noticed Pikel
 10634 | D:7      | Noticed a hellwing
 10763 | D:6      | Killed Pikel
 10763 | D:6      | Reached skill level 10 in Stealth
 10763 | D:6      | Reached XP level 9. HP: 33/39 MP: 3/18
 10925 | D:7      | Noticed a hellwing
 11215 | D:7      | Reached skill level 5 in Invocations
 11234 | D:7      | Reached skill level 11 in Stealth
 11292 | D:7      | Reached ** piety under Yredelemnul
 11526 | D:7      | Noticed Prince Ribbit
 11529 | D:7      | Killed Prince Ribbit
 11826 | D:7      | HP: 1/39 [hellwing (1)]
 12193 | D:7      | Found a white marble altar of Elyvilon.
 12987 | D:8      | Reached XP level 10. HP: 44/44 MP: 16/21
 13428 | D:8      | Reached skill level 5 in Short Blades
 13474 | D:7      | Mangled by an orc warrior

Skill      XL: |  1  2  3  4  5  6  7  8  9 10 |
---------------+-------------------------------+-----
Spellcasting   | 3 4 5 6 7 |  7.0
Hexes          | 4 5 6 8 9 |  9.1
Stealth        | 5 6 7 8 10 11 | 11.9
Dodging        | 4 5 6 7 |  7.8
Invocations    | 1 2 4 5 6 |  6.0
Short Blades   | 2 3 4 5 |  5.0

Action                   |  1- 3 |  4- 6 |  7- 9 | 10-12 || total
-------------------------+-------+-------+-------+-------++-------
Melee: Dagger            |   113 |   238 |   410 |    11 ||   772
Throw: Stone             |       |       |     1 |       ||     1
 Cast: Corona            |     4 |       |       |       ||     4
       Ensorcelled Hiber |    10 |    46 |    42 |     2 ||   100
       Confuse           |       |    16 |    53 |     3 ||    72
       Tukima's Dance    |       |     9 |    30 |     3 ||    42
       Dazzling Spray    |       |       |       |     2 ||     2
Invok: Animate Remains   |       |       |     4 |     1 ||     5
  Use: Scroll            |       |       |    14 |       ||    14
       Potion            |       |       |       |     1 ||     1
 Stab: Sleeping          |    18 |    32 |    25 |     1 ||    76
       Confused          |       |     5 |    31 |       ||    36
       Distracted        |       |       |     1 |       ||     1
       Invisible         |       |       |       |     1 ||     1
  Eat: Ration            |       |     4 |     6 |       ||    10
Armor: Robe              |    13 |    16 |    19 |     1 ||    49
Dodge: Dodged            |   109 |   206 |   281 |    29 ||   625
